 Dungeon Crawl Stone Soup version 0.26.1-11-gd32895ea62 (webtiles) character file.

Game seed: 2598961197030440004

43 JayTheAdventurer the Sneak (level 3, -1/31 HPs)
             Began as a Naga Enchanter on June 11, 2021.
             Slain by an adder (2 damage)
             ... on level 2 of the Dungeon.
             The game lasted 00:12:36 (2274 turns).

JayTheAdventurer the Sneak (Naga Enchanter)         Turns: 2274, Time: 00:12:36

Health: -1/31      AC:  2    Str: 11    XL:     3   Next: 58%
Magic:  1/6        EV: 10    Int: 15    God:
Gold:   131        SH:  0    Dex: 11    Spells: 0/6 levels left

rFire    . . .     SeeInvis +   a - +1 dagger
rCold    . . .     Faith    .   (no shield)
rNeg     . . .     Spirit   .   b - +0 robe
rPois    +         Reflect  .   (no helmet)
rElec    .         Harm     .   (no cloak)
rCorr    .         Rampage  .   (no gloves)
Will     .....                  (no barding)
Stlth    +++.......             (no amulet)
HPRegen  0.10/turn              (no ring)
MPRegen  0.10/turn              (no ring)

@: very slow
A: large, see invisible, deformed body, poison resistance, slowness 2, spit
poison 1, AC +1
a: Spit Poison


You were on level 2 of the Dungeon.
You visited 1 branch of the dungeon, and saw 2 of its levels.

You collected 131 gold pieces.

Inventory:

Hand Weapons
 a - a +1 dagger (weapon)
Missiles
 h - 82 stones
Armour
 b - a +0 robe (worn)
 d - a +0 pair of gloves
Jewellery
 i - a cursed -4 ring of intelligence {unknown}
Scrolls
 e - a scroll of identify
Potions
 c - 2 potions of lignification
 f - a potion of brilliance {unknown}
 g - 2 potions of curing {unknown}


   Skills:
 + Level 1.1 Fighting
 + Level 1.6 Short Blades
 + Level 1.8 Dodging
 + Level 4.8 Stealth
 + Level 2.2 Spellcasting
 + Level 3.2 Hexes
 + Level 0.2 Ice Magic


You couldn't memorise any spells.
You knew the following spells:

 Your Spells              Type           Power        Failure   Level
a - Corona                Hex            12%          5%          1
b - Ensorcelled Hibernat  Hex/Ice        14%          16%         2
c - Tukima's Dance        Hex            11%          17%         3

Your spell library contained the following spells:

 Spells                   Type           Power        Failure   Level
 Confusing Touch          Hex            11%          17%         3
 Dazzling Flash           Conj/Hex       12%          32%         3


Dungeon Overview and Level Annotations

Branches:
Dungeon (2/15)

Altars:
Dithmenos


Innate Abilities, Weirdness & Mutations

You cannot wear boots.
Your serpentine skin is tough. (AC +1)
You have supernaturally acute eyesight. (SInv)
Armour fits poorly on your strangely shaped body.
Your system is resistant to poisons. (rPois)
You cover ground very slowly.
You can spit poison.


Message History

The adder is outlined in light.
The adder bites you but does no damage. The adder bites you.
* * * LOW HITPOINT WARNING * * *
You closely miss the adder. The adder bites you.
* * * LOW HITPOINT WARNING * * *
You closely miss the adder. The adder bites you.
* * * LOW HITPOINT WARNING * * *
As you read the scroll labelled ECEYKI YNANK, it crumbles to dust.
It is a scroll of identify.
c - 2 potions of lignification The adder bites you.
* * * LOW HITPOINT WARNING * * *
As you read the scroll labelled MAYTSEAHULL, it crumbles to dust.
It is a scroll of amnesia.
Really abort (and waste the scroll)? [Y]es or [N]o only, please.
Really abort (and waste the scroll)?
Okay, then.
The adder bites you.
You die...

########### #.........#
#.........# #.........#
. #.........########
...####.................
..?....####.######....##
.......@Sw..............
...#######..######....##
#.....# #....# #.....#
#....# #.....# #......
#.....####......
#.......####.#..
#........###.#.# g#
#......#...#.#.#


You could see a worm and an adder (corona).

Vanquished Creatures
  An ooze (D:1)
  2 worms (D:2)
  3 dart slugs (D:1)
  A leopard gecko (D:1)
  4 bats
  A giant cockroach (D:2)
  3 hobgoblins (D:1)
  2 ball pythons (D:1)
  3 frilled lizards (D:1)
  3 kobolds
  4 rats
27 creatures vanquished.

Vanquished Creatures (others)
  5 fungi (D:1)
  4 toadstools (D:1)
9 creatures vanquished.

Grand Total: 36 creatures vanquished

Notes
Turn   | Place    | Note
-------+----------+-------------------------------------------
     0 | D:1      | JayTheAdventurer the Naga Enchanter began the quest for the
                  | Orb.
     0 | D:1      | Reached XP level 1. HP: 15/15 MP: 3/3
    53 | D:1      | Reached XP level 2. HP: 24/24 MP: 5/5
  1333 | D:1      | Learned a level 2 spell: Ensorcelled Hibernation
  1422 | D:1      | Reached XP level 3. HP: 30/30 MP: 6/6
  1881 | D:2      | Reached skill level 1 in Fighting
  1956 | D:2      | Found a shadowy altar of Dithmenos.
  2095 | D:2      | Learned a level 3 spell: Tukima's Dance
  2273 | D:2      | HP: 1/31 [adder (2)]
  2274 | D:2      | Slain by an adder

Illustrated notes

Levels and vault maps discovered:
D:1:      onia_arrival_handbag, layout_loops_ring, minmay_gold_behind_fungi
D:2:      layout_rooms, grunt_dithmenos_smoke_and_mirrors

Skill      XL: |  1  2  3 |
---------------+----------+-----
Fighting       | 1 |  1.1
Short Blades   | |  1.6
Dodging        | |  1.8
Stealth        | |  4.8
Spellcasting   | |  2.2
Hexes          | |  3.2
Ice Magic      | |  0.2

Action                   || total
-------------------------++-------
Melee: Dagger            ||   114
 Cast: Corona            ||    25
       Ensorcelled Hiber ||     9
  Use: Scroll            ||     2
 Stab: Sleeping          ||     9
Armor: Robe              ||    36
Dodge: Dodged            ||    83
